 Seeded DCSS version 0.31-a0-271-gb88eb75e06 (webtiles) character file.

Game seed: 14215367866634240820 (custom seed)

334 innerfire43 the Chopper (level 6, -2/72 HPs)
             Began as a Demonspawn Monk on July 14, 2023.
             Constricted to death by Ijyb (4 damage)
             ... on level 4 of the Dungeon.
             The game lasted 00:04:54 (3301 turns).

innerfire43 the Chopper (Demonspawn Monk)           Turns: 3301, Time: 00:04:56

Health: -2/72      AC:  6    Str: 13    XL:     6   Next: 27%
Magic:  6/6        EV: 10    Int: 12    God:
Gold:   154        SH:  0    Dex: 15    Spells: 5/5 levels left

rFire   . . .        n - +0 executioner's axe (heavy)
rCold   . . .        (shield currently unavailable)
rNeg    . . .        b - +0 robe
rPois   .            j - +2 helmet
rElec   .            (no cloak)
rCorr   .            (no gloves)
SInv    .            m - +0 pair of boots
Will    .....        (no amulet) Stlth
                     (no ring)
HPRegen 0.32/turn    (no ring)
MPRegen 0.10/turn

%: no passive effects
@: berserking, grasped by roots, constricted, very quick
A: demonic guardian 2
a: no special abilities


You were on level 4 of the Dungeon.
You visited 1 branch of the dungeon, and saw 4 of its levels.

You collected 154 gold pieces.

Inventory:

Hand Weapons
 a - a +0 hand axe
 n - a +0 heavy executioner's axe (weapon)
 p - a +0 war axe
Missiles
 f - 5 silver javelins (quivered)
Armour
 b - a +0 robe (worn)
 d - an orb of light
 j - a +2 helmet (worn)
 m - a +0 pair of boots (worn)
Scrolls
 e - a scroll of enchant weapon {unknown}
 g - a scroll of fog {unknown}
 i - a scroll of amnesia {unknown}
 k - 4 scrolls of enchant armour {unknown}
 l - 2 scrolls of identify {unknown}
Potions
 h - a potion of curing {unknown}


   Skills:
 - Level 4.0 Fighting
 * Level 5.4 Axes
 - Level 3.6 Dodging


You had 5 spell levels left.
You didn't know any spells.
Your spell library contained the following spells:

 Spells                   Type           Power      Damage    Failure   Level
 Sandblast                Erth           0%         2d4       32%         1
 Passwall                 Tmut/Erth      0%         N/A       45%         2
 Stone Arrow              Conj/Erth      0%         3d7       69%         3


Dungeon Overview and Level Annotations

Branches:
Dungeon (4/15)
 Temple: D:4-7

Altars:

Annotations:
D:4 Ijyb


Innate Abilities, Weirdness & Mutations

A demonic guardian rushes to your aid.


Message History

Your ice devil is unaffected.
The grasping roots constrict you.
The ball python completely misses your ice devil.
The ball python constricts your ice devil.
Ijyb barely misses you. The grasping roots constrict you.
The ball python bites your ice devil.
The ball python constricts your ice devil.
You completely miss Ijyb.
The ball python loses its grip on your ice devil.
Your ice devil disappears in a puff of smoke!
Ijyb closely misses you. The grasping roots constrict you.
The ball python bites you but does no damage.
Ijyb hits you but does no damage. The grasping roots constrict you.
* * * LOW HITPOINT WARNING * * *
The ball python bites you but does no damage.
Ijyb barely misses you. The grasping roots constrict you.
* * * LOW HITPOINT WARNING * * *
A demonic guardian appears!
The grasping roots release their grip on you.
You closely miss Ijyb. You closely miss the ball python.
The ball python closely misses you. The ball python barely misses you.
Ijyb hits you with a +0 club.
* * * LOW HITPOINT WARNING * * *
The ball python bites you but does no damage.
The ball python closely misses you.
Your hellwing hits the ball python!
The ball python dies!
Ijyb zaps a wand.
The roots erupt in riotous growth!
The grasping roots grab you!
Ijyb is unaffected.
The grasping roots constrict you.
* * * LOW HITPOINT WARNING * * *
Your hellwing hits the kobold!
The kobold dies!
It was a potion of berserk rage.
A red film seems to cover your vision as you go berserk!
You feel yourself moving faster!
You feel mighty! Ijyb screams, "I no like you!" Ijyb hits you with a +0 club.
* * * LOW HITPOINT WARNING * * *
The grasping roots constrict you.
You die...

#. #. #.## #... #..##
.S. #g# # #@# .#
###############)#..##..
#.............4.K......
#.###########.###......
#.# #.# ...... #.#
#########.# ...:. ##.#
#..##..##.# ###..
...###.)##..##.# .
...#((##..##.#.#


You could see Ijyb (ally target), a ball python, a kobold and a friendly
hellwing (summoned).

Vanquished Creatures
  An orc priest (D:3)
  An iguana (D:4)
  An adder (D:4)
  3 gnolls (D:2)
  2 dart slugs
  4 orcs
  6 ball pythons
  9 endoplasms
  3 giant cockroaches
  8 goblins
  5 hobgoblins
  6 jackals (D:1)
  3 kobolds
  5 quokkas
  5 bats
  4 frilled lizards
  3 rats
69 creatures vanquished.

Vanquished Creatures (collateral kills)
  A black bear (D:4)
  Terence (D:3)
  A gnoll (D:2)
  2 adders
  2 worms
  2 ball pythons
  2 kobolds
  A frilled lizard (D:3)
  A rat (D:2)
13 creatures vanquished.

Grand Total: 82 creatures vanquished

Notes
Turn   | Place    | Note
-------+----------+-------------------------------------------
     0 | D:1      | innerfire43 the Demonspawn Monk began the quest for the
                  | Orb.
     0 | D:1      | Reached XP level 1. HP: 18/18 MP: 1/1
    51 | D:1      | Reached skill level 3 in Axes
    52 | D:1      | Gained mutation: A weak demonic guardian rushes to your
                  | aid. [demonic ancestry]
    52 | D:1      | Reached XP level 2. HP: 15/24 MP: 2/2
   368 | D:1      | Reached XP level 3. HP: 28/29 MP: 3/3
  1561 | D:2      | Gained mutation: A demonic guardian rushes to your aid.
                  | [demonic ancestry]
  1561 | D:2      | Reached XP level 4. HP: 27/35 MP: 4/4
  1887 | D:3      | Reached skill level 4 in Axes
  1909 | D:3      | Noticed Terence
  1928 | D:3      | Killed Terence
  1929 | D:3      | Reached XP level 5. HP: 3/42 MP: 5/5
  2873 | D:3      | Identified a scroll of acquirement
  2873 | D:3      | Acquired a +0 heavy executioner's axe
  3023 | D:4      | Noticed a black bear
  3030 | D:4      | Killed a black bear
  3031 | D:4      | Reached skill level 5 in Axes
  3031 | D:4      | Reached XP level 6. HP: 9/48 MP: 6/6
  3283 | D:4      | Noticed Ijyb
  3300 | D:4      | HP: 2/48 [constriction (5)]
  3301 | D:4      | Constricted to death by Ijyb

Illustrated notes

Levels and vault maps discovered:
D:1:      dpeg_arrival_castle, layout_basic, serial_forest,
          infiniplex_forest_straight_2, infiniplex_forest_straight_3,
          infiniplex_forest_clump_double, infiniplex_forest_lined_1,
          infiniplex_forest_clump_small, infiniplex_forest_straight_2,
          infiniplex_forest_lined_3_way
D:2:      layout_rooms
D:3:      layout_basic, general_overflow_altar, uniq_terence
D:4:      minmay_chambers_of_fours, layout_loops_ring, gup_sewer_entry_pipe,
          serial_shops, shop, uniq_ijyb

Skill      XL: |  1  2  3  4  5 |
---------------+----------------+-----
Axes           | 3 4 5 |  5.4
Dodging        | 3 |  3.6
Fighting       | 4 |  4.0

Action                     |  1- 3 |  4- 6 || total
---------------------------+-------+-------++-------
  Melee: Hand axe          |    94 |    28 ||   122
         War axe           |       |    27 ||    27
         Executioner's axe |       |    21 ||    21
  Throw: Javelin           |     3 |       ||     3
    Use: Potion            |       |     3 ||     3
         Scroll            |       |     4 ||     4
 Armour: Robe              |    15 |    32 ||    47
  Dodge: Dodged            |    76 |    74 ||   150

Table legend: (Time is in decaauts)
 A = Elapsed time spent in this place.
 B = Non-inter-level travel time spent in this place.
 C = Inter-level travel time spent in this place.
 D = Time resting spent in this place.
 E = Time spent auto-exploring this place.
 F = Levels seen in this place.
 G = Mean time per level.
                   A        B        C        D        E       F      G
               +--------+--------+--------+--------+--------+-----+--------+
         Total |   3360 |   3087 |    273 |      0 |   2585 |   4 |  840.0 |
       Dungeon |   3360 |   3087 |    273 |      0 |   2585 |   4 |  840.0 |
               +--------+--------+--------+--------+--------+-----+--------+

Top non-repeatable levels by time:
     D:3: 1164 daAuts
     D:1: 1123 daAuts
     D:2: 720 daAuts
     D:4: 351 daAuts
